Map: Ley Lines

Players

kitune - Winner!

  • Race: Zerg Zerg
  • Spawn Location: 1:00

Takakura

  • Race: Protoss Protoss
  • Spawn Location: 7:00

VOD

Have the link to the VOD?

Description

Time

  • Played on: May 9, 2025, 9:50 a.m.
  • Length: 7:54
Show
View Real Time Build Order
Export as new Build Order

kitune Zerg - Winner!

Build Orders: Pool First 

Get SALT Encoding   

  12  0:01  Drone  
  13  0:13  Overlord  
  13  0:18  Drone  
  14  0:33  Drone x2  
  16  0:43  Spawning Pool  
  16  0:45  Drone  
  17  0:50  Drone  
  17  1:13  Drone  
  17  1:16  Extractor, Hatchery  
  16  1:29  Zergling x2  
  16  1:30  Zergling x4  
  19  1:36  Queen  
  21  1:42  Drone  
  22  1:52  Overlord  
  22  2:11  Queen  
  24  2:28  Drone x4  
  24  2:29  Metabolic Boost  
  26  2:38  Queen  
  26  2:41  Zergling x2  
  26  2:43  Zergling x2  
  30  2:52  Drone  
  30  2:53  Drone  
  30  2:55  Drone  
  30  2:57  Drone  
  34  3:05  Overlord  
  34  3:09  Overlord  
  35  3:12  Drone  
  35  3:17  Drone  
  36  3:25  Drone  
  36  3:26  Drone x3  
  40  3:33  Drone x3  
  43  3:39  Lair  
  43  3:43  Spore Crawler  
  43  3:47  Spore Crawler  
  41  3:49  Drone  
  41  3:52  Overlord  
  41  3:54  Drone  
  43  3:56  Drone  
  43  3:58  Drone  
  45  4:03  Drone  
  45  4:05  Drone  
  45  4:06  Drone x2  
  49  4:15  Drone x4  
  53  4:26  Extractor  
  53  4:29  Extractor  
  53  4:31  Extractor  
  50  4:50  Spire  
  50  4:51  Drone  
  50  4:53  Overlord  
  50  4:54  Overlord  
  50  4:55  Drone  
  50  4:56  Drone  
  52  5:00  Overlord x3  
  52  5:01  Overlord  
  52  5:10  Hatchery  
  52  5:13  Drone  
  52  5:17  Zergling x8  
  52  5:18  Zergling x8  
  60  5:47  Zergling x20  
  70  5:57  Spore Crawler  
  69  6:07  Corruptor x3  
  73  6:12  Queen  
  73  6:14  Corruptor  
  73  6:15  Corruptor x3  
  80  6:34  Corruptor x3  
  81  6:48  Corruptor  
  72  7:05  Zergling x22  
  82  7:12  Corruptor x2  
  89  7:33  Zergling x2  
  89  7:34  Zergling x8  
Show
View Real Time Build Order
Export as new Build Order

Takakura Protoss 

Build Orders: 1 Gate Expand 

Get SALT Encoding   

  12  0:00  Probe  
  13  0:12  Probe  
  14  0:20  Pylon  
  14  0:24  Probe  
  15  0:38  Probe  
  15  0:41  Gateway  
  16  0:50  Probe  
  17  1:12  Nexus  
  17  1:17  Assimilator  
  17  1:29  Cybernetics Core  
  17  1:30  Zealot  
  17  1:32  Probe  
  20  1:49  Assimilator, Probe  
  21  1:55  Adept  
  21  1:57  Pylon  
  24  2:15  Probe  
  24  2:27  Probe  
  25  2:30  Probe  
  25  2:37  Pylon  
  26  2:39  Probe  
  27  2:47  Pylon  
  27  2:54  Probe, Stargate  
  27  2:56  Probe  
  29  3:02  Probe  
  29  3:08  Probe  
  29  3:12  Probe  
  32  3:20  Probe  
  32  3:24  Probe  
  34  3:30  Void Ray  
  34  3:32  Probe  
  35  3:40  Probe  
  40  3:47  Fleet Beacon  
  40  3:50  Probe  
  40  3:54  Probe  
  42  3:58  Pylon  
  42  4:03  Probe  
  42  4:06  Probe  
  44  4:15  Assimilator, Probe  
  45  4:19  Assimilator  
  45  4:21  Probe  
  45  4:22  Tempest  
  46  4:27  Probe  
  47  4:37  Probe  
  52  4:42  Pylon  
  52  4:45  Probe  
  53  4:49  Stargate  
  53  4:51  Forge  
  53  5:01  Nexus  
  53  5:07  Tempest  
  53  5:09  Pylon  
  52  5:19  Probe  
  57  5:24  Probe  
  58  5:43  Tempest, Pylon  
  58  5:45  Photon Cannon, Probe  
  58  5:49  Probe  
  64  5:56  Tempest  
  68  5:57  Probe  
  68  6:02  Pylon  
  69  6:07  Probe  
  70  6:12  Probe  
  70  6:17  Tempest  
  72  6:18  Probe  
  72  6:23  Photon Cannon  
  72  6:24  Zealot  
  74  6:27  Photon Cannon  
  78  6:43  Void Ray  
  78  6:44  Probe  
  73  6:56  Probe x2  
  71  7:02  Pylon  
  71  7:03  Probe  
  71  7:04  Stargate  
  71  7:08  Probe  
  73  7:09  Pylon  
  73  7:10  Tempest  
  73  7:13  Probe  
  78  7:17  Probe  
  78  7:20  Stargate  
  79  7:29  Probe x2  
Tags
 
Add a new tag
Caveats
  • Supply blocks, unpowered buildings, or Contaminate may cause inaccurate times.
  • Supply counts are checked every 10 seconds.